 Dungeon Crawl Stone Soup version 0.28-a0-1213-g0243856f03 (webtiles) character file.

Game seed: 10876422064181701790

319 zeramoth the Skirmisher (level 6, -2/58 HPs)
             Began as a Minotaur Fighter on Dec 21, 2021.
             Was a Believer of Dithmenos.
             Slain by a killer bee (6 damage)
             ... on level 4 of the Dungeon.
             The game lasted 00:03:42 (3240 turns).

zeramoth the Skirmisher (Minotaur Fighter)          Turns: 3240, Time: 00:03:42

Health: -2/58      AC:  6    Str: 20    XL:     6   Next: 21%
Magic:  5/5        EV:  9    Int:  5    God:    Dithmenos [**....]
Gold:   49         SH:  4    Dex: 12    Spells: 5/5 levels left

rFire   . . .      SeeInvis .   a - +0 war axe
rCold   . . .      Faith    .   c - +0 buckler
rNeg    . . .      Spirit   .   b - +0 scale mail
rPois   .          Reflect  .   (helmet restricted)
rElec   .          Harm     .   (no cloak)
rCorr   .          Rampage  .   (no gloves)
Will    .....                   (no boots)
Stlth   ..........              (no amulet)
HPRegen 0.19/turn               (no ring)
MPRegen 0.09/turn               (no ring)

@: lethally poisoned (-2 -> -3), wreathed by umbra
A: horns 2, retaliatory headbutt
a: Renounce Religion, Shadow Step


You were on level 4 of the Dungeon.
You worshipped Dithmenos.
Dithmenos was pleased with you.
You visited 1 branch of the dungeon, and saw 4 of its levels.
You also visited: Sewer.

You collected 49 gold pieces.


Innate Abilities, Weirdness & Mutations

You have a pair of horns on your head.
You reflexively headbutt those who attack you in melee.


   Skills:
 + Level 6.5 Fighting
 + Level 5.9 Axes
 - Level 3.6 Armour
 - Level 3.6 Shields


You had 5 spell levels left.
You didn't know any spells.
Your spell library contained the following spells:

 Spells                   Type           Power      Damage    Failure   Level
 Dazzling Flash           Conj/Hex       0%         N/A       99%         3
 Agony                    Necr           0%         N/A       100%        5
 Silence                  Hex/Air        0%         N/A       100%        5

Inventory:

Hand Weapons
 a - a +0 war axe (weapon)
Missiles
 k - 141 stones (quivered)
 n - 34 sling bullets
 q - 19 bolts
 v - 37 arrows
Armour
 b - a +0 scale mail (worn)
 c - a +0 buckler (worn)
Jewellery
 S - a +6 ring of strength
   (You found it on level 2 of the Dungeon)
 Y - a +4 ring of slaying
   (You found it on level 4 of the Dungeon)
Scrolls
 e - a scroll of fog {unknown}
 f - a scroll of amnesia {unknown}
 g - 7 scrolls of teleportation {unknown}
 h - a scroll of magic mapping {unknown}
 j - a scroll of fear {unknown}
 l - 2 scrolls of identify {unknown}
 m - a scroll of holy word {unknown}
 u - 4 scrolls of immolation {unknown}
 w - a scroll of enchant weapon {unknown}
 y - a scroll of acquirement {unknown}
Potions
 d - a potion of might
 i - a potion of degeneration {unknown}
 o - a potion of curing {unknown}
 p - a potion of attraction {unknown}
 r - a potion of resistance {unknown}
 s - a potion of brilliance {unknown}
 t - a potion of heal wounds {unknown}
 x - a potion of berserk rage {unknown}

Dungeon Overview and Level Annotations

Branches:
Dungeon (4/15)              Sewer (visited)
 Temple: D:4-7

Altars:
Dithmenos

Shops:
D:3

[
##...........##
#....#.......#
#...###......#
.#..#..##..## #
#..#..#####
..## ##...##
.....#####
#...##
#.....y.###...#
#...y@...)..##
#..#####.#..##
###...# .....#
......#
.........
...........
............


You could see 2 killer bees.


Message History

No target in view!
No target in view!
An iguana comes into view.
The iguana hisses angrily.
Things that are here:
a +0 club; an orc corpse An iguana is nearby!
An iguana is nearby!
The iguana bites you but does no damage.
You hit the iguana but do no damage. The iguana closely misses you.
You hit the iguana. Your headbutt misses the iguana. The iguana bites you!
An adder comes into view. 😕 HP[-7]
You take 7 damage, and now have 51/58 hp.
The adder hisses angrily.
You hit the iguana but do no damage.
A killer bee comes into view.
The iguana bites you! The iguana barely misses you. 😮 HP[-10]
You take 10 damage, and now have 41/58 hp.
There are monsters nearby!
You are too injured to fight recklessly!
You are too injured to fight recklessly!
Unknown command.
The killer bee buzzes angrily.
You hit the iguana but do no damage. Your headbutt misses the iguana.
You hear an angry buzzing noise.
The iguana bites you but does no damage.
You barely miss the iguana. The iguana bites you. The adder barely misses you.
You furiously retaliate!
You headbutt the adder. 😮 HP[-2]
You take 2 damage, and now have 39/58 hp.
You barely miss the iguana. You barely miss the adder. The iguana bites you.
The adder bites you but does no damage. 😮 HP[-3]
You take 3 damage, and now have 36/58 hp.
You hit the iguana. You hit the adder. The adder bites you.
The iguana bites you. The adder closely misses you. You furiously retaliate!
You headbutt the adder!
You kill the adder!
Dithmenos accepts your kill. The iguana closely misses you. 😮 HP[-2]
You take 2 damage, and now have 34/58 hp.
You hit the iguana but do no damage. You headbutt the iguana.
You kill the iguana!
Dithmenos accepts your kill.
You miss the killer bee. The killer bee stings you.
The killer bee barely misses you. 😮 HP[-1]
You take 1 damage, and now have 33/58 hp.
The killer bee stings you.
You are poisoned.
The killer bee poisons you!
The killer bee stings you but does no damage.
You see here an iguana corpse. 😮 HP[-3]
You take 3 damage, and now have 30/58 hp.
You closely miss the killer bee.
You feel very sick. The killer bee barely misses you.
You block the killer bee's attack. 😨 HP[-3]
You take 3 damage, and now have 27/58 hp.
You barely miss the killer bee. Your headbutt misses the killer bee.
You feel sick. The killer bee barely misses you. You furiously retaliate!
You headbutt the killer bee. The killer bee misses you.
The killer bee stings you but does no damage. 😨 HP[-2]
You take 2 damage, and now have 25/58 hp.
You closely miss the killer bee. Your headbutt misses the killer bee.
You feel sick.
The killer bee stings you but does no damage.
The killer bee barely misses you. You furiously retaliate!
You headbutt the killer bee.
A killer bee comes into view. 😨 HP[-2]
You take 2 damage, and now have 23/58 hp.
The killer bee buzzes angrily.
You hit the killer bee.
You feel sick.
The killer bee stings you but does no damage.
The killer bee barely misses you. The killer bee stings you!
* * * LOW HITPOINT WARNING * * *
😱 HP[-9]
You take 9 damage, and now have 14/58 hp.
You closely miss the killer bee.
You feel sick. The killer bee stings you.
* * * LOW HITPOINT WARNING * * *
You block the killer bee's attack.
The killer bee stings you but does no damage.
The killer bee stings you.
* * * LOW HITPOINT WARNING * * *
😱 HP[-4]
You take 4 damage, and now have 10/58 hp.
Your scale mail prevents you from hitting the killer bee.
Your headbutt misses the killer bee. You closely miss the killer bee.
You feel sick.
The killer bee stings you but does no damage.
The killer bee stings you.
* * * LOW HITPOINT WARNING * * *
You block the killer bee's attack. The killer bee stings you.
You die...

Skill      XL: |  1  2  3  4  5 |
---------------+----------------+-----
Fighting       | 4 5 6 |  6.5
Axes           | 3 4 5 |  5.9
Armour         | |  3.6
Shields        | |  3.6

Action                   |  1- 3 |  4- 6 || total
-------------------------+-------+-------++-------
Melee: War axe           |    88 |    83 ||   171
       Headbutt          |     7 |    11 ||    18
Armor: Scale mail        |    45 |    52 ||    97
Dodge: Dodged            |    34 |    46 ||    80
Block: Buckler           |    16 |    19 ||    35

Levels and vault maps discovered:
D:1:      mrwooster_arrival_statue_3, layout_basic
D:2:      layout_basic, chequers_ecumenical_altar_simple,
          kennysheep_cross_bottleneck
D:3:      layout_rooms, gup_sewer_entry_bubbles, serial_shops, shop
D:4:      minmay_evil_eye, layout_cave_pools, chequers_serial_rivers_micro_b,
          minmay_misc_feat_pillars, grunt_ministairs_4, grunt_decor_fettered

Notes
Turn   | Place    | Note
-------+----------+-------------------------------------------
     0 | D:1      | zeramoth the Minotaur Fighter began the quest for the Orb.
     0 | D:1      | Reached XP level 1. HP: 19/19 MP: 0/0
     0 | D:1      | magus.rc [v1.11.3]
    99 | D:1      | Reached skill level 4 in Fighting
    99 | D:1      | Reached XP level 2. HP: 27/27 MP: 1/1
   108 | D:1      | Reached skill level 3 in Axes
   211 | D:1      | You pick up a book of the Senses and begin reading...
   211 | D:1      | You add the spells Dazzling Flash, Agony and Silence to
                  | your library.
  1284 | D:2      | Reached XP level 3. HP: 30/34 MP: 2/2
  1858 | D:2      | Found a faded altar of an unknown god.
  1891 | D:2      | Reached skill level 4 in Axes
  1914 | D:2      | Prayed at the altar of an unknown god.
  1914 | D:2      | Became a worshipper of Dithmenos the Shadowed
  1914 | D:2      | Reached * piety under Dithmenos
  2339 | D:2      | Reached skill level 5 in Fighting
  2339 | D:2      | Reached XP level 4. HP: 42/42 MP: 3/3
  2459 | D:3      | Found Ruedwy's Antique Armour Emporium.
  2525 | D:3      | Found a glowing drain.
  2537 | D:3      | Reached XP level 5. HP: 40/48 MP: 4/4
  2542 | Sewer    | Entered a sewer
  2677 | Sewer    | Noticed Pargi
  2686 | Sewer    | Killed Pargi
  2687 | Sewer    | Reached skill level 6 in Fighting
  2687 | Sewer    | Reached skill level 5 in Axes
  2852 | D:3      | Reached ** piety under Dithmenos
  2948 | D:3      | Reached XP level 6. HP: 57/57 MP: 5/5
  3238 | D:4      | HP: 14/58 [killer bee (8)]
  3240 | D:4      | HP: 4/58 [killer bee (5)]
  3240 | D:4      | Slain by a killer bee

Vanquished Creatures
  Pargi (Sewer)
  An orc priest (D:3)
  An iguana (D:4)
  A gnoll (D:1)
  8 adders
  An adder skeleton (D:4)
  2 worms
  4 dart slugs
  4 orcs
  4 ball pythons
  7 bats
  An endoplasm (D:3)
  3 giant cockroaches
  3 goblins
  2 hobgoblins
  4 jackals (D:2)
  3 quokkas
  9 kobolds
  15 rats
74 creatures vanquished.

Table legend:
 A = Non-vault XP
 B = Vault XP
 C = Vault XP percentage of total XP
 D = Non-vault monster count
 E = Vault monster count
 F = Vault count percentage of total count
                 A         B        C        D         E       F
            +---------+---------+-------+---------+---------+-------
      Total |     270 |     187 |  40.9 |      59 |      15 |  20.3
            +---------+---------+-------+---------+---------+-------
        D:1 |      37 |       0 |   0.0 |      14 |       0 |   0.0
        D:2 |      72 |       0 |   0.0 |      23 |       0 |   0.0
        D:3 |     102 |      33 |  24.4 |      17 |       7 |  29.2
        D:4 |      59 |       6 |   9.2 |       5 |       2 |  28.6
      Sewer |       0 |     148 | 100.0 |       0 |       6 | 100.0
            +---------+---------+-------+---------+---------+-------

Illustrated notes

Table legend:
 A = Kills in this place as a percentage of kills in entire the game.
 B = Kills by you in this place as a percentage of kills by you in the entire game.
 C = Kills by friends in this place as a percentage of kills by friends in the entire game.
 D = Other kills in this place as a percentage of other kills in the entire game.
 E = Experience gained in this place as a percentage of experience gained in the entire game.
 F = Experience gained in this place divided by the number of levels of this place that you have seen.
                   A       B       C       D       E      F
               +-------+-------+-------+-------+-------+----------------------
         Total | 100.0 | 100.0 |   N/A |   N/A | 100.0 |  91.4
       Dungeon |  91.9 |  91.9 |   N/A |   N/A |  67.6 |  77.2
         Sewer |   8.1 |   8.1 |   N/A |   N/A |  32.4 | 148.0
               +-------+-------+-------+-------+-------+----------------------

Table legend: (Time is in decaauts)
 A = Elapsed time spent in this place.
 B = Non-inter-level travel time spent in this place.
 C = Inter-level travel time spent in this place.
 D = Time resting spent in this place.
 E = Time spent auto-exploring this place.
 F = Levels seen in this place.
 G = Mean time per level.
                   A        B        C        D        E       F      G
               +--------+--------+--------+--------+--------+-----+--------+
         Total |   3319 |   3250 |     69 |      0 |   2628 |   5 |  663.8 |
       Dungeon |   3063 |   2994 |     69 |      0 |   2428 |   4 |  765.8 |
         Sewer |    256 |    256 |      0 |      0 |    200 |   1 |  256.0 |
               +--------+--------+--------+--------+--------+-----+--------+

Top non-repeatable levels by time:
     D:1: 1219 daAuts
     D:2: 1191 daAuts
     D:3: 539 daAuts
   Sewer: 256 daAuts
     D:4: 112 daAuts
